 Dungeon Crawl Stone Soup version 0.32-a0-799-g95e1662365 (webtiles) character file.

Game seed: 9365509803374412013

19 Griffin23 the Shield-Bearer (level 2, -6/27 HPs)
             Began as a Minotaur Fighter on Mar 21, 2024.
             Mangled by Jessica
             ... wielding a +9 club
              (8 damage)
             ... on level 1 of the Dungeon.
             The game lasted 00:00:46 (761 turns).

Griffin23 the Shield-Bearer (Minotaur Fighter)       Turns: 761, Time: 00:00:47

Health: -6/27      AC:  7    Str: 20    XL:     2   Next: 55%
Magic:  1/1        EV:  8    Int:  5    God:
Gold:   42         SH:  4    Dex:  9    Spells: 1/1 levels left

rFire   . . .        a - +0 long sword
rCold   . . .        c - +0 buckler
rNeg    . . .        b - +0 scale mail
rPois   .            (helmet restricted)
rElec   .            (no cloak)
rCorr   .            (no gloves)
SInv    .            (no boots)
Will    +....        (no amulet) Stlth
                     (no ring)
HPRegen 0.24/turn    (no ring)
MPRegen 0.07/turn

%: no passive effects
@: enlightened, flying
A: horns 2, retaliatory headbutt
a: no special abilities


You were on level 1 of the Dungeon.
You visited 1 branch of the dungeon, and saw 2 of its levels.

You collected 42 gold pieces.

Inventory:

Hand Weapons
 a - a +0 long sword (weapon)
Armour
 b - a +0 scale mail (worn)
 c - a +0 buckler (worn)
Scrolls
 h - a scroll of identify {unknown}
 j - a scroll of fog {unknown}
Potions
 d - a potion of might
 e - a potion of brilliance {unknown}
 f - a potion of enlightenment
 g - 3 potions of haste {unknown}
 i - a potion of heal wounds {unknown}


   Skills:
 + Level 3.9 Fighting
 * Level 3.0 Long Blades
 + Level 3.9 Armour
 + Level 3.9 Shields


You had one spell level left.
You didn't know any spells.
Your spell library was empty.

Dungeon Overview and Level Annotations

Branches:
Dungeon (2/15)

Altars:

Shops:
D:1 (

Annotations:
D:1 Jessica


Innate Abilities, Weirdness & Mutations

You have a pair of horns on your head.
You reflexively headbutt those who attack you in melee.


Message History

The hobgoblin hits you.
Jessica mumbles something strange.
A kobold comes into view. It is wielding a +0 club.
The ball python closely misses you. x2
HP restored.
The kobold shouts!
The hobgoblin hits you but does no damage.
You block the ball python's attack. The ball python grabs you.
You stop ascending the stairs.
The ball python constricts you.
You hit the ball python.
The ball python is severely wounded.
Jessica hits you with a +9 club!
The hobgoblin hits you but does no damage.
The ball python bites you. The ball python constricts you.
You escape the ball python's grasp.
You block Jessica's attack. The hobgoblin barely misses you.
The ball python bites you but does no damage.
You climb upwards.
There is a stone staircase leading down here.
You hit the hobgoblin.
You kill the hobgoblin!
Jessica barely misses you.
The ball python bites you but does no damage.
The ball python grabs you. The ball python constricts you.
Jessica shouts, "You're disturbing me!
I'll have to kill you!"
Jessica gestures wildly while chanting.
Jessica blinks!
You hit the ball python.
You kill the ball python!
You barely miss Jessica. Jessica barely misses you.
You hit Jessica but do no damage. Jessica hits you with a +9 club!
Jessica gestures at you while chanting. Pain shoots through your body!
* * * LOW HITPOINT WARNING * * *
You are too injured to fight recklessly!
You are too injured to fight recklessly!
It was a potion of enlightenment.
You feel very buoyant.
You fly up into the air.
Jessica hits you with a +9 club!
You die...

#.# #.#.#.# #.# #.# #.#.#.# #.#
## #.# #.#.#.# #.# #. #.#
#.#.#.# #.# #. #.# #.#.#.# #.#
#. #.# ###.#...# #.# #. #.#
#####.>..########.# #. #.#
#.................# #. #.#
#.###@@>#.....##### #.
#.###.#####.#####.#########
#.............# #.....##...
##########.#####..#####........#
#........#.#....#...###........#
##.#####.#...##.#.#...#........#
#.# #.######................#
#.#####.#.......♣.............#
#.........####♣.∩.♣...........#


You could see Jessica.

Vanquished Creatures
  2 dart slugs (D:1)
  2 ball pythons (D:1)
  3 bats (D:1)
  An endoplasm (D:1)
  A goblin (D:1)
  2 hobgoblins (D:1)
  A kobold (D:1)
  A frilled lizard (D:1)
13 creatures vanquished.

Notes
Turn   | Place    | Note
-------+----------+-------------------------------------------
     0 | D:1      | Griffin23 the Minotaur Fighter began the quest for the Orb.
     0 | D:1      | Reached XP level 1. HP: 19/19 MP: 0/0
   307 | D:1      | Found Zaetacuv's Antique Weapon Shop.
   523 | D:1      | Reached XP level 2. HP: 26/27 MP: 1/1
   749 | D:2      | Noticed Jessica
   761 | D:1      | Mangled by Jessica

Illustrated notes

Levels and vault maps discovered:
D:1:      dpeg_arrival_arbitrary_c, layout_basic, serial_shops,
          nicolae_shop_trees, minmay_cupped
D:2:      kennysheep_six_static_rooms, layout_basic, basic_altar,
          hangedman_decor_push, minmay_lizard_pond, uniq_jessica

Skill      XL: |  1  2 |
---------------+-------+-----
Long Blades    | 3 |  3.0
Fighting       | |  3.9
Armour         | |  3.9
Shields        | |  3.9

Action                     || total
---------------------------++-------
  Melee: Long sword        ||    32
         Headbutt          ||     4
    Use: Potion            ||     1
 Armour: Scale mail        ||    37
  Dodge: Dodged            ||    16
  Block: Buckler           ||     6

Table legend: (Time is in decaauts)
 A = Elapsed time spent in this place.
 B = Non-inter-level travel time spent in this place.
 C = Inter-level travel time spent in this place.
 D = Time resting spent in this place.
 E = Time spent auto-exploring this place.
 F = Levels seen in this place.
 G = Mean time per level.
                   A        B        C        D        E       F      G
               +--------+--------+--------+--------+--------+-----+--------+
         Total |    770 |    755 |     15 |      0 |    667 |   2 |  385.0 |
       Dungeon |    770 |    755 |     15 |      0 |    667 |   2 |  385.0 |
               +--------+--------+--------+--------+--------+-----+--------+

Top non-repeatable levels by time:
     D:1: 764 daAuts
     D:2: 6 daAuts
